 Dungeon Crawl Stone Soup version 0.23-a0-644-gb60d84b635 (webtiles) character file.

1675 Adamkad1 the Skirmisher (level 8, -1/65 HPs)
             Began as a Mummy Fighter on Jan 1, 2019.
             Was an Initiate of Gozag.
             Slain by a killer bee (7 damage)
             ... on level 7 of the Dungeon.
             The game lasted 00:11:25 (6841 turns).

Adamkad1 the Skirmisher (Mummy Fighter)             Turns: 6841, Time: 00:11:26

Health: -1/65      AC:  9    Str: 24    XL:     8   Next: 70%
Magic:  8/8        EV:  8    Int:  7    God:    Gozag
Gold:   653        SH: 10    Dex: 12    Spells: 7/7 levels left

rFire    x . .     SeeInvis .   a - +1 flail
rCold    + . .     Gourm    .   c - +0 shield
rNeg     + + +     Faith    .   b - +0 scale mail
rPois    ∞         Spirit   .   (no helmet)
rElec    .         Reflect  .   v - +0 cloak
rCorr    +         Harm     .   (no gloves)
MR       +....                  k - +0 pair of boots
Stlth    ..........             (no amulet)
HPRegen  0.20/turn              g - ring of resist corrosion
MPRegen  0.11/turn              p - +3 ring of strength

@: no status effects
A: no food or potions, fire vulnerability, cold resistance 1, negative energy
resistance 3, torment resistance, unbreathing
a: Potion Petition, Call Merchant, Bribe Branch, Renounce Religion


You were on level 7 of the Dungeon.
You worshipped Gozag.
Gozag was pleased with you.
You were not hungry.

You visited 2 branches of the dungeon, and saw 8 of its levels.
You also visited: Sewer.

You collected 683 gold pieces.
You paid 30 gold pieces to Gozag.

Inventory:

Hand Weapons
 a - a +1 flail (weapon)
 f - a +0 whip
 n - a +0 hand crossbow
Armour
 b - a +0 scale mail (worn)
 c - a +0 shield (worn)
 k - a +0 pair of boots (worn)
 t - a cursed -1 plate armour
 v - a +0 cloak (worn)
Jewellery
 g - a ring of resist corrosion (left hand)
 p - a +3 ring of strength (right hand)
Scrolls
 d - a scroll of enchant weapon
 e - 16 scrolls of identify {unknown}
 h - 4 scrolls of magic mapping {unknown}
 i - 9 scrolls of teleportation {unknown}
 j - a scroll of noise {unknown}
 l - a scroll of remove curse {unknown}
 m - a scroll of fear {unknown}
 o - a scroll of blinking {unknown}
 q - a scroll of amnesia {unknown}
 r - a scroll of fog {unknown}
 s - 2 scrolls of immolation {unknown}
 u - a scroll of brand weapon {unknown}


   Skills:
 * Level 6.4 Fighting
 * Level 4.7 Maces & Flails
 * Level 5.2 Armour
 * Level 5.2 Shields


You had 7 spell levels left.
You didn't know any spells.
Your spell library contained the following spells:

 Spells                   Type           Power        Failure   Level  Hunger
 Magic Dart               Conj           #...         98%         1    N/A
 Sandblast                Erth           #.....       98%         1    N/A
 Blink                    Tloc           N/A          99%         2    N/A
 Call Imp                 Summ           #.......     99%         2    N/A
 Passwall                 Tmut/Erth      #.......     99%         2    N/A
 Searing Ray              Conj           #.....       99%         2    N/A
 Slow                     Hex            #.......     99%         2    N/A
 Conjure Flame            Conj/Fire      #.......     100%        3    N/A
 Dazzling Spray           Conj/Hex       #.....       100%        3    N/A
 Mephitic Cloud           Conj/Pois/Air  #.......     100%        3    N/A
 Stone Arrow              Conj/Erth      #.....       100%        3    N/A
 Force Lance              Conj/Tloc      #.......     100%        4    N/A
 Fulminant Prism          Conj/Hex       #.........   100%        4    N/A
 Iskenderun's Mystic Bla  Conj           #.......     100%        4    N/A
 Petrify                  Tmut/Erth      #.......     100%        4    N/A
 Lee's Rapid Deconstruct  Erth           #.........   100%        5    N/A

Dungeon Overview and Level Annotations

Branches:
Dungeon (7/15)             Temple (1/1) D:4

Altars:
Ashenzari
Cheibriados
Dithmenos
Elyvilon
Fedhas
Gozag
Hepliaklqana
Kikubaaqudgha
Makhleb
Nemelex Xobeh
Okawaru
Qazlal
Ru
Sif Muna
Trog
Uskayaw
Vehumet
Wu Jian
Xom
Yredelemnul
Zin
The Shining One


Innate Abilities, Weirdness & Mutations

You do not eat or drink.
Your flesh is vulnerable to fire.
You are immune to poison.
Your flesh is cold resistant. (rC+)
You are immune to negative energy. (rN+++)
You are immune to unholy pain and torment.
You can survive without breathing.


Message History

The killer bee is moderately wounded.
The killer bee barely misses you. You block the killer bee's attack.
You closely miss the killer bee.
The killer bee is lightly wounded.
The killer bee misses you.
The killer bee stings you but does no damage.
You block the killer bee's attack.
You sock the killer bee!
The killer bee is almost dead.
You block the killer bee's attack. x2
Your shield and scale mail prevent you from hitting the killer bee.
The killer bee is almost dead.
The killer bee barely misses you. The killer bee stings you.
* * * LOW HITPOINT WARNING * * *
You block the killer bee's attack.
You miss the killer bee.
The killer bee is almost dead.
The killer bee stings you!
You die...
Your body crumbles into a pile of gold.

.................#
...###...........# ..##
#........#..##♣♣ ..#
#........#....P♣♣
######...####........♣♣
.........#.........PP)♣
.........#.....#....)♣)
.........#.....#.##♣♣♣
.........####..#@#
.........# #..#y#
.........# #.......#
#........# #.......#
.........# .........#
.........+.....#+#....
.........#...#. .....
.........#...#+ ......
............ .##### $


You could see a killer bee.

Vanquished Creatures
  Eustachio (D:6)
  An ogre (D:6)
  A crocodile (Sewer)
  2 bullfrogs (D:6)
  A wyvern zombie (D:6)
  2 scorpions
  2 killer bees (D:7)
  A howler monkey (D:5)
  5 crimson imps (D:5)
  A bullfrog zombie (D:6)
  A hound (D:3)
  A bullfrog skeleton (D:5)
  A jelly (D:6)
  5 orc wizards
  2 orc priests (D:5)
  A centaur skeleton (D:4)
  5 worker ants
  2 hound zombies
  A worker ant zombie (D:5)
  4 gnolls (D:6)
  11 adders
  A river rat (D:4)
  An ooze (D:4)
  2 worms
  7 dart slugs
  5 leopard geckos
  18 orcs
  2 ball pythons
  5 giant cockroaches
  7 hobgoblins
  6 jackals
  A quokka (D:3)
  8 bats
  7 frilled lizards
  8 goblins
  A jackal skeleton (D:3)
  11 kobolds
  A leopard gecko skeleton (D:4)
  A quokka skeleton (D:5)
  7 rats
150 creatures vanquished.

Notes
Turn   | Place    | Note
-------+----------+-------------------------------------------
     0 | D:1      | Adamkad1 the Mummy Fighter began the quest for the Orb.
     0 | D:1      | Reached XP level 1. HP: 18/18 MP: 1/1
   218 | D:1      | Reached XP level 2. HP: 8/24 MP: 2/2
   839 | D:1      | Reached XP level 3. HP: 27/29 MP: 3/3
  1691 | D:2      | Reached XP level 4. HP: 23/37 MP: 4/4
  2546 | D:3      | Reached skill level 4 in Fighting
  2583 | D:3      | Reached XP level 5. HP: 38/42 MP: 5/5
  3257 | D:4      | Found a staircase to the Ecumenical Temple.
  3266 | Temple   | Entered the Ecumenical Temple
  3304 | Temple   | Became a worshipper of Gozag Ym Sagoz the Greedy
  3412 | D:4      | Reached XP level 6. HP: 41/49 MP: 6/6
  3494 | D:4      | Found a glowing drain.
  3498 | Sewer    | Entered a sewer
  4051 | D:5      | Entered Level 5 of the Dungeon
  4149 | D:5      | Reached XP level 7. HP: 39/55 MP: 7/7
  4246 | D:5      | Reached skill level 5 in Fighting
  5144 | D:5      | Found a shimmering altar of Xom.
  5359 | D:6      | Noticed Eustachio
  5382 | D:6      | Killed Eustachio
  5382 | D:6      | Reached XP level 8. HP: 44/63 MP: 8/8
  5517 | D:6      | Found a snail-covered altar of Cheibriados.
  5800 | D:6      | Reached skill level 6 in Fighting
  6059 | D:6      | Reached skill level 5 in Armour
  6177 | D:6      | Reached skill level 5 in Shields
  6754 | D:7      | Found a hazy altar of Hepliaklqana.
  6759 | D:7      | Found a sparkling altar of Nemelex Xobeh.
  6761 | D:7      | Found a shattered altar of Ashenzari.
  6841 | D:7      | Slain by a killer bee

Vault maps used:
D:1:      dpeg_arrival_rhombus
D:2:      minmay_misc_feat_ornament
D:3:      first_ration
D:4:      minmay_temple_entry_antechambers, gup_sewer_entry_bowl
D:5:      led_xom_imps
D:6:      lemuel_round_altar, uniq_eustachio
D:7:      grunt_temple_overflow_open, serial_shops, shop,
          uniq_crazy_yiuf_cottage
Temple:   compressed_dpeg_circular_temple
Sewer:    sewer_the_crocodile

Skill      XL: |  1  2  3  4  5  6  7  8 |
---------------+-------------------------+-----
Maces & Flails | 2 3 4 |  4.7
Armour         | 3 4 5 |  5.2
Shields        | 3 4 5 |  5.2
Fighting       | 4 5 6 |  6.4

Action                   |  1- 3 |  4- 6 |  7- 9 || total
-------------------------+-------+-------+-------++-------
Melee: Flail             |   203 |   298 |   296 ||   797
Invok: Potion Petition   |       |       |     1 ||     1
  Use: Scroll            |       |       |     1 ||     1
 Stab: Distracted        |       |     1 |     1 ||     2
       Invisible         |       |       |     1 ||     1
Armor: Scale mail        |   124 |   132 |   113 ||   369
Dodge: Dodged            |    88 |    78 |    98 ||   264
Block: Shield            |   123 |   142 |   171 ||   436

Table legend:
 A = Non-vault XP
 B = Vault XP
 C = Vault XP percentage of total XP
 D = Non-vault monster count
 E = Vault monster count
 F = Vault count percentage of total count
                 A         B        C        D         E       F
            +---------+---------+-------+---------+---------+-------
      Total |    1920 |     474 |  19.8 |     137 |      13 |   8.7
            +---------+---------+-------+---------+---------+-------
        D:1 |      48 |       0 |   0.0 |      26 |       0 |   0.0
        D:2 |      84 |       0 |   0.0 |      21 |       0 |   0.0
        D:3 |     161 |       0 |   0.0 |      27 |       0 |   0.0
        D:4 |     189 |      17 |   8.3 |      14 |       3 |  17.6
        D:5 |     512 |     152 |  22.9 |      20 |       3 |  13.0
        D:6 |     778 |     188 |  19.5 |      25 |       1 |   3.8
        D:7 |     148 |       0 |   0.0 |       4 |       0 |   0.0
      Sewer |       0 |     117 | 100.0 |       0 |       6 | 100.0
            +---------+---------+-------+---------+---------+-------
